 Dungeon Crawl Stone Soup version 0.28.0-43-g3370ac3207 (webtiles) character file.

Game seed: 17348450230800823670

674 386 the Skirmisher (level 7, -1/71 HPs)
             Began as an Ogre Venom Mage on Mar 1, 2022.
             Slain by an iguana (7 damage)
             ... on level 5 of the Dungeon.
             The game lasted 00:24:04 (4843 turns).

386 the Skirmisher (Ogre Venom Mage)                Turns: 4843, Time: 00:24:04

Health: -1/71      AC: 10    Str: 13    XL:     7   Next: 59%
Magic:  5/13       EV:  7    Int: 16    God:
Gold:   234        SH:  0    Dex: 11    Spells: 11/14 levels left

rFire   x . .      SeeInvis .   m - +0 short sword (elec)
rCold   + + .      Faith    .   (no shield)
rNeg    . . .      Spirit   .   u - +0 ice dragon scales
rPois   .          Reflect  .   (helmet restricted)
rElec   .          Harm     .   (no cloak)
rCorr   .          Rampage  .   (gloves unavailable)
Will    .....                   (boots unavailable)
Stlth   ..........              (no amulet)
HPRegen 0.21/turn               (no ring)
MPRegen 0.13/turn               (no ring)

@: lethally poisoned (-1 -> -5), very slightly contaminated
A: large, unfitting armour, tough skin 1
a: no special abilities


You were on level 5 of the Dungeon.
You visited 1 branch of the dungeon, and saw 5 of its levels.

You collected 234 gold pieces.

Inventory:

Hand Weapons
 e - a +0 dagger
 m - a +0 short sword of electrocution (weapon)
Missiles
 b - 80 stones
 o - 5 javelins
Armour
 a - a +0 robe
 u - +0 ice dragon scales (worn)
Jewellery
 h - a ring of protection from fire
 s - a ring of protection from cold
Wands
 t - a wand of flame (12)
Scrolls
 c - a scroll of noise {unknown}
 d - a scroll of teleportation {unknown}
 g - a scroll of silence {unknown}
 i - a scroll of identify {unknown}
 k - a scroll of vulnerability {unknown}
 l - 2 scrolls of magic mapping {unknown}
 n - a scroll of torment {unknown}
 p - a scroll of fear {unknown}
Potions
 f - 2 potions of haste {unknown}
 j - a potion of curing {unknown}
 q - a potion of might {unknown}
 r - a potion of heal wounds {unknown}
 v - a potion of attraction {unknown}


   Skills:
 + Level 4.3 Fighting
 - Level 3.0 Throwing
 + Level 3.5 Dodging
 - Level 3.0 Stealth
 - Level 4.0 Spellcasting
 - Level 0.8 Transmutations
 - Level 4.0 Poison Magic


You had 11 spell levels left.
You knew the following spells:

 Your Spells              Type           Power      Damage    Failure   Level
a - Sting                 Tmut/Pois      40%        1d5       41%         1
b - Poisonous Vapours     Pois/Air       18%        N/A       61%         2

Your spell library contained the following spells:

 Spells                   Type           Power      Damage    Failure   Level
 Wereblood                Tmut           5%         N/A       77%         2
 Sublimation of Blood     Necr           3%         N/A       87%         2
 Ignite Poison            Fire/Tmut/Pois 8%         N/A       88%         3
 Mephitic Cloud           Conj/Pois/Air  7%         N/A       91%         3
 Olgreb's Toxic Radiance  Pois           16%        N/A       92%         4
 Conjure Flame            Conj/Fire      3%         6-21      98%         3
 Sticky Flame             Conj/Fire      3%         2d3       100%        4
 Summon Hydra             Summ           1%         N/A       100%        7


Dungeon Overview and Level Annotations

Branches:
Dungeon (5/15)
 Temple: D:4-7

Altars:
Sif Muna
Uskayaw
Zin

Shops:
D:3 (   D:4 *

Annotations:
D:5 3 runed translucent doors, doomsgape's ghost, novice OgFi; hitsuchi's ghost, novice PaAK


Innate Abilities, Weirdness & Mutations

You are too large for most types of armour.
You have tough skin. (AC +1)


Message History

You closely miss the scorpion. You punch the scorpion.
The scorpion is almost dead.
You feel very sick.
The iguana hisses menacingly.
The scorpion barely misses you.
You hit the scorpion.
You kill the scorpion!
You feel very sick.
The iguana hisses menacingly.
Training target 4.0 for Poison Magic reached!
Training target 3.0 for Throwing reached!
Your Throwing skill increases to level 3!
Your Poison Magic skill increases to level 4!
Aiming: Sting (safe; 41% risk of failure)
Press: ? - help, Q - select action, (/) - cycle Shift-Dir - straight line, f - iguana
Aim: an iguana (75% to hit)
The sting misses the iguana.
You feel sick.
The iguana bites you but does no damage.
Aiming: Sting (safe; 41% risk of failure)
Press: ? - help, Q - select action, (/) - cycle Shift-Dir - straight line, f/p - iguana
Aim: an iguana (75% to hit)
The sting hits the iguana.
The iguana is poisoned.
The iguana is lightly wounded.
You feel very sick.
The iguana bites you but does no damage.
Aiming: Sting (safe; 41% risk of failure)
Press: ? - help, Q - select action, (/) - cycle Shift-Dir - straight line, f/p - iguana
Aim: an iguana (lightly wounded, poisoned, 75% to hit)
You miscast Sting.
Nothing appears to happen.
You feel sick. The iguana bites you.
* * * LOW HITPOINT WARNING * * *
You closely miss the iguana.
The iguana is moderately wounded.
You feel sick. The iguana bites you.
* * * LOW HITPOINT WARNING * * *
You closely miss the iguana.
The iguana is moderately wounded.
You feel sick. The iguana bites you!
You die...

#########
######........
#.............
#.####.######.
#.# #.#
##########.#
#.########
...........#
#........#
############
#.######.#
#.@.......
#.l#####.#
#..# #..# #..#
...# ...#
#.#..


You could see an iguana (poisoned).

Vanquished Creatures
  A centaur (D:5)
  2 scorpions
  A water moccasin zombie (D:5)
  A water moccasin skeleton (D:5)
  A howler monkey (D:4)
  A centaur zombie (D:5)
  A centaur skeleton (D:5)
  A bullfrog skeleton (D:5)
  A hound (D:5)
  Ijyb (D:3)
  2 iguanas
  A hound skeleton (D:4)
  8 adders
  2 worms
  3 dart slugs
  6 endoplasms
  A giant cockroach (D:1)
  7 hobgoblins
  2 jackals (D:3)
  3 quokkas
  8 ball pythons
  5 bats
  3 frilled lizards
  4 goblins
  8 kobolds
  A rat (D:2)
75 creatures vanquished.

Vanquished Creatures (others)
  3 withered plants (D:5)
3 creatures vanquished.

Grand Total: 78 creatures vanquished

Notes
Turn   | Place    | Note
-------+----------+-------------------------------------------
     0 | D:1      | 386 the Ogre Venom Mage began the quest for the Orb.
     0 | D:1      | Reached XP level 1. HP: 16/16 MP: 3/3
    65 | D:1      | Found a faded altar of an unknown god.
   479 | D:1      | Reached XP level 2. HP: 26/26 MP: 0/5
   768 | D:1      | Reached skill level 1 in Fighting
  1206 | D:2      | Found a shimmering blue altar of Sif Muna.
  1311 | D:2      | Reached XP level 3. HP: 24/33 MP: 4/7
  1481 | D:2      | Reached skill level 1 in Throwing
  1824 | D:2      | Reached XP level 4. HP: 32/42 MP: 2/8
  2535 | D:3      | Noticed Ijyb
  2811 | D:3      | Noticed a black bear
  2912 | D:3      | Found Leeh's Weapon Boutique.
  2932 | D:3      | Found a hide-covered altar of Uskayaw.
  2945 | D:3      | Noticed an ogre
  3004 | D:3      | Reached XP level 5. HP: 41/49 MP: 6/9
  3271 | D:3      | Learned a level 2 spell: Poisonous Vapours
  3279 | D:3      | Killed Ijyb
  3775 | D:4      | Reached XP level 6. HP: 58/59 MP: 3/11
  4003 | D:4      | Found Ciarodd's General Store.
  4108 | D:4      | Found a glowing silver altar of Zin.
  4108 | D:4      | Noticed an angel
  4189 | D:5      | Entered Level 5 of the Dungeon
  4406 | D:5      | Reached XP level 7. HP: 23/67 MP: 12/12
  4646 | D:5      | Found a runed translucent gate.
  4647 | D:5      | Found a runed translucent gate.
  4648 | D:5      | Found a runed translucent gate.
  4649 | D:5      | Noticed hitsuchi's ghost (novice PaAK)
  4649 | D:5      | Noticed doomsgape's ghost (novice OgFi)
  4843 | D:5      | Slain by an iguana

Illustrated notes

Levels and vault maps discovered:
D:1:      minmay_arrival_shattered_statue, layout_basic,
          hellmonk_ecumenical_altar_slurped_away, minmay_close_crescents
D:2:      layout_basic, basic_altar, minmay_nonomino_d4
D:3:      layout_loops_ring, nicolae_overflow_crystal_walls, serial_shops,
          nicolae_shop_bloodbath_and_beyond, uniq_ijyb
D:4:      layout_rooms, zin_angel, serial_shops, shop
D:5:      layout_loops_ring, gammafunk_ghost_cemetery

Skill      XL: |  1  2  3  4  5  6  7 |
---------------+----------------------+-----
Fighting       | 1 2 3 4 |  4.3
Dodging        | 2 3 |  3.5
Throwing       | 1 2 3 |  3.0
Poison Magic   | 3 4 |  4.0
Stealth        | 2 3 |  3.0
Spellcasting   | 3 4 |  4.0
Transmutations | |  0.8

Action                   |  1- 3 |  4- 6 |  7- 9 || total
-------------------------+-------+-------+-------++-------
Melee: Unarmed           |    17 |       |       ||    17
       Punch             |     3 |       |     1 ||     4
       Dagger            |    48 |     1 |       ||    49
       Short sword       |       |    93 |    39 ||   132
Throw: Stone             |     4 |       |       ||     4
 Cast: Sting             |    43 |    42 |     5 ||    90
       Poisonous Vapours |       |     3 |     1 ||     4
 Stab: Sleeping          |       |     1 |       ||     1
Armor: Robe              |    21 |    16 |       ||    37
       Ice dragon scales |       |    48 |    30 ||    78
Dodge: Dodged            |    37 |    34 |    15 ||    86
